 Dungeon Crawl Stone Soup version 0.31-a0-227-ga22c3bf811 (webtiles) character file.

Game seed: 4648514815662247014

256 Ijustatesigmund the Stinger (level 6, -14/38 HPs)
             Began as an Octopode Venom Mage on July 6, 2023.
             Demolished by an ogre
             ... wielding a +0 giant club
              (25 damage)
             ... on level 5 of the Dungeon.
             The game lasted 00:05:28 (2092 turns).

Ijustatesigmund the Stinger (Octopode Venom Mage)   Turns: 2092, Time: 00:05:29

Health: -14/38     AC:  1    Str:  8    XL:     6   Next: 16%
Magic:  3/10       EV: 13    Int: 25    God:
Gold:   128        SH:  0    Dex: 12    Spells: 5/11 levels left

rFire   . . .        b - +1 spear
rCold   . . .        (no shield)
rNeg    . . .        f - +0 hat
rPois   .            (no amulet)
rElec   .            c - +6 ring of intelligence
rCorr   +            e - ring of resist corrosion
SInv    .            (no ring)
Will    .....        (no ring)
Stlth   +++          (no ring)
HPRegen 0.26/turn    (no ring)
MPRegen 0.12/turn    (no ring)
                     (no ring)

%: no passive effects
@: on berserk cooldown, slowed, very slow
A: almost no armour, amphibious, 8 rings, camouflage 1, gelatinous body 1,
(nimble swimmer 1), tentacles
a: no special abilities


You were on level 5 of the Dungeon.
You visited 1 branch of the dungeon, and saw 5 of its levels.

You collected 128 gold pieces.

Inventory:

Hand Weapons
 b - a +1 spear (weapon)
Armour
 f - a +0 hat (worn)
Jewellery
 c - a +6 ring of intelligence (left tentacle)
 e - a ring of resist corrosion (right tentacle)
Potions
 a - 2 potions of magic
 g - a potion of haste {unknown}
 j - a potion of might {unknown}


   Skills:
 - Level 1.4 Fighting
 - Level 2.0 Dodging
 - Level 2.6 Stealth
 + Level 3.3 Spellcasting
 + Level 2.1 Conjurations
 - Level 1.0 Transmutations
 + Level 2.5 Air Magic
 + Level 5.1 Poison Magic


You had 5 spell levels left.
You knew the following spells:

 Your Spells              Type           Power      Damage    Failure   Level
a - Sting                 Tmut/Pois      76%        1d6       2%          1
b - Poisonous Vapours     Pois/Air       46%        N/A       3%          2
c - Mephitic Cloud        Conj/Pois/Air  20%        N/A       8%          3

Your spell library contained the following spells:

 Spells                   Type           Power      Damage    Failure   Level
 Olgreb's Toxic Radiance  Pois           29%        N/A       12%         4
 Lesser Beckoning         Tloc           8%         N/A       16%         2
 Gell's Gravitas          Tloc           4%         N/A       30%         3
 Teleport Other           Tloc           4%         N/A       30%         3


Dungeon Overview and Level Annotations

Branches:
Dungeon (6/15)
 Temple: D:4-7

Altars:

Annotations:
D:3 2 transporters, G0Dl1kE's ghost, amateur MiSu


Innate Abilities, Weirdness & Mutations

You cannot wear most types of armour.
You are amphibious.
You can wear up to eight rings at the same time.
Your skin changes colour to match your surroundings (Stealth+).
Your rubbery body absorbs attacks. (AC +1, EV +1)
((You are camouflaged when in or above water. (Stealth+)))
You have tentacles for arms and can constrict up to eight enemies at once.


Message History

You kill the water moccasin!
Your Conjurations skill increases to level 2!
Your Poison Magic skill increases to level 5!
You have reached level 6!
An ogre comes into view. It is wielding a +0 giant club.
The ogre shouts!
You see here a water moccasin corpse.
You feel a strong urge to attack something.
You are no longer berserk.
You are exhausted.
You feel yourself slow down.
Casting: Sting (safe; 2% risk of failure)
Confirm with . or Enter, or press ? or * to list all spells.
Aiming: Mephitic Cloud (dangerous; 8% risk of failure)
Press: ? - help, Shift-Dir - straight line, f - ogre
Aim: an ogre, wielding a +0 giant club (chance to affect: 77%)
The ball explodes into a vile cloud!
The stinking cloud engulfs the ogre but does no damage.
The ogre is engulfed in noxious fumes.
Casting: Mephitic Cloud (dangerous; 8% risk of failure)
Confirm with . or Enter, or press ? or * to list all spells.
Aiming: Mephitic Cloud (dangerous; 8% risk of failure)
Press: ? - help, Shift-Dir - straight line, f/p - ogre
Aim: an ogre, wielding a +0 giant club (chance to affect: 77%)
The ball explodes into a vile cloud!
The stinking cloud engulfs the ogre but does no damage.
The ogre is engulfed in noxious fumes.
Okay, then.
You aren't carrying any scrolls.
It was a potion of curing.
You feel better. The ogre barely misses you.
Casting: Mephitic Cloud (dangerous; 8% risk of failure)
Confirm with . or Enter, or press ? or * to list all spells.
Aiming: Sting (safe; 2% risk of failure)
Press: ? - help, Shift-Dir - straight line, f/p - ogre
Aim: an ogre, wielding a +0 giant club (88% to hit)
The sting hits the ogre.
The ogre is poisoned.
The ogre is lightly wounded.
The ogre hits you with a +0 giant club!!
Ouch! That really hurt!
You die...

#.# #......
#.# ###....
#.# #....
#.# #....
#.# #....
#.# #....
#.# #....
#.# ###.#
#@# #. #O#
#.# # #.#
.# #.# ..#
#.###...#
#..†...<#
#####...O..
#....


You could see an ogre (poisoned).

Vanquished Creatures
  A water moccasin (D:5)
  A centaur (D:2)
  An iguana (D:5)
  A dart slug (D:3)
  An orc (D:5)
  4 ball pythons
  3 bats (D:1)
  3 endoplasms (D:1)
  4 goblins
  7 hobgoblins
  6 jackals
  3 kobolds (D:1)
  4 quokkas
  3 frilled lizards (D:1)
  7 rats
49 creatures vanquished.

Notes
Turn   | Place    | Note
-------+----------+-------------------------------------------
     0 | D:1      | Ijustatesigmund the Octopode Venom Mage began the quest for
                  | the Orb.
     0 | D:1      | Reached XP level 1. HP: 11/11 MP: 3/3
   176 | D:1      | Reached XP level 2. HP: 18/18 MP: 5/5
   179 | D:1      | Learned a level 2 spell: Poisonous Vapours
   365 | D:1      | Reached skill level 4 in Poison Magic
   370 | D:1      | Reached skill level 1 in Fighting
   720 | D:1      | Reached XP level 3. HP: 23/23 MP: 3/6
   724 | D:1      | Learned a level 3 spell: Mephitic Cloud
  1144 | D:2      | Reached skill level 1 in Air Magic
  1722 | D:3      | Noticed G0Dl1kE's ghost (amateur MiSu)
  1722 | D:3      | Noticed a centaur
  1722 | D:3      | Found a transporter.
  1722 | D:3      | Found a transporter.
  1727 | D:2      | Killed a centaur
  1728 | D:2      | Reached skill level 1 in Conjurations
  1728 | D:2      | Reached XP level 4. HP: 17/28 MP: 5/8
  1728 | D:2      | Reached XP level 5. HP: 21/33 MP: 5/9
  1730 | D:3      | Noticed an ogre
  1782 | D:3      | Noticed an ogre
  1806 | D:3      | Identified the +4 giant spiked club of Kemer {spect, rElec
                  | rC++ rCorr Stlth-}
  1806 | D:3      | Noticed an ogre
  1906 | D:3      | You fall into a shaft and drop 3 floors!
  1920 | D:6      | Noticed a steam dragon
  1930 | D:6      | Noticed a phantom
  1935 | D:5      | Entered Level 5 of the Dungeon
  1962 | D:5      | Noticed an ice beast
  2063 | D:5      | Noticed a water moccasin
  2080 | D:5      | Killed a water moccasin
  2081 | D:5      | Reached skill level 5 in Poison Magic
  2081 | D:5      | Reached XP level 6. HP: 4/38 MP: 8/10
  2092 | D:5      | Demolished by an ogre

Illustrated notes

Levels and vault maps discovered:
D:1:      lightli_iron_boxes, layout_loops_ring
D:2:      layout_rooms, serial_glass, glass_columns_b, glass_columns_a,
          corexii_leaking_fountain
D:3:      layout_rooms, lemuel_zombie_altar_yredelemnul, portal_sewer_entry_f,
          gammafunk_ghost_smash, nicolae_figureground_sparkle
D:5:      layout_basic, grunt_decor_cap, minmay_misc_feat_doors,
          minmay_a_box_with_orc_wizards_in_it
D:6:      cheibrodos_thug_alley, layout_cave_pools,
          minmay_temple_entry_overgrown, serial_park_tiny_2

Skill      XL: |  1  2  3  4  5 |
---------------+----------------+-----
Poison Magic   | 4 5 |  5.1
Fighting       | 1 |  1.4
Air Magic      | 1 2 |  2.5
Conjurations   | 1 2 |  2.1
Spellcasting   | 3 |  3.3
Dodging        | |  2.0
Stealth        | |  2.6
Transmutations | |  1.0

Action                     |  1- 3 |  4- 6 || total
---------------------------+-------+-------++-------
  Melee: Spear             |    82 |    22 ||   104
         Constrict         |    18 |     5 ||    23
         Unarmed           |     2 |       ||     2
         Tentacles         |     8 |     5 ||    13
   Cast: Sting             |     8 |     6 ||    14
         Poisonous Vapours |    24 |     3 ||    27
         Mephitic Cloud    |       |     3 ||     3
    Use: Potion            |       |     3 ||     3
         Scroll            |       |     2 ||     2
   Stab: Sleeping          |     4 |       ||     4
 Armour: Skin              |     7 |     4 ||    11
  Dodge: Dodged            |    45 |    19 ||    64

Table legend: (Time is in decaauts)
 A = Elapsed time spent in this place.
 B = Non-inter-level travel time spent in this place.
 C = Inter-level travel time spent in this place.
 D = Time resting spent in this place.
 E = Time spent auto-exploring this place.
 F = Levels seen in this place.
 G = Mean time per level.
                   A        B        C        D        E       F      G
               +--------+--------+--------+--------+--------+-----+--------+
         Total |   2102 |   2084 |     18 |    113 |   1478 |   5 |  420.4 |
       Dungeon |   2102 |   2084 |     18 |    113 |   1478 |   5 |  420.4 |
               +--------+--------+--------+--------+--------+-----+--------+

Top non-repeatable levels by time:
     D:1: 1049 daAuts
     D:2: 733 daAuts
     D:5: 158 daAuts
     D:3: 132 daAuts
     D:6: 28 daAuts
